 Dungeon Crawl Stone Soup version 0.29.1-4-g47bece8355 (webtiles) character file.

Game seed: 1208998813991405882

45919 DemonSlayer the Thaumaturge (level 14, -13/147 HPs)
             Began as a Demonspawn Fire Elementalist on Dec 8, 2022.
             Was the Champion of Cheibriados.
             Mangled by a minotaur
             ... wielding a +1 great sword of holy wrath
              (40 damage)
             ... in a Gauntlet.
             The game lasted 01:17:49 (27554 turns).

DemonSlayer the Thaumaturge (DsFE)                 Turns: 27554, Time: 01:17:50

Health: -13/147    AC: 14    Str: 23    XL:     14   Next: 2%
Magic:  0/32       EV: 19    Int: 36    God:    Cheibriados [******]
Gold:   1666       SH:  0    Dex: 37    Spells: 3/41 levels left

rFire   . . .      SeeInvis .   c - +10 great mace of Uskayaw's Envy {freeze, rN+}
rCold   . . .      Faith    .   (shield currently unavailable)
rNeg    + + .      Spirit   +   f - +1 troll leather armour
rPois   .          Reflect  .   D - +0 helmet
rElec   +          Harm     .   g - +0 cloak
rCorr   +          Rampage  .   N - +2 pair of gloves
Will    +....      NoTele   +   (boots unavailable)
Stlth   ..........              (no amulet)
HPRegen 1.14/turn               t - ring of Xusifapp {Fire rElec rN+ Stlth+}
MPRegen 0.46/turn               k - ring of the Enchanting Gods {Ice rCorr Dex+7}

@: berserking, very slightly contaminated, very slow
A: hooves 3, yellow scales 3, powered by pain 2, augmentation 1, magic shield,
magic regeneration
a: Renounce Religion, Bend Time, Temporal Distortion, Slouch, Step From Time


You were in a Gauntlet.
You worshipped Cheibriados.
Cheibriados was exalted by your worship.
You visited 4 branches of the dungeon, and saw 19 of its levels.
You also visited: Bailey and Gauntlet.

You collected 1954 gold pieces.
You spent 288 gold pieces at shops.

Inventory:

Hand Weapons
 c - the +10 great mace of Uskayaw's Envy (weapon) {freeze, rN+}
   (You found it in a Gauntlet)

   It freezes those it strikes, dealing additional cold damage.
   It can also slow down cold-blooded creatures.
   rN:        It protects you from negative energy.
 C - the +6 broad axe of Karma {freeze, Dex+2}
   (You acquired it on level 1 of the Lair of Beasts)

   It freezes those it strikes, dealing additional cold damage.
   It can also slow down cold-blooded creatures.
   Dex:       It affects your dexterity (+2).
Armour
 f - a +1 troll leather armour (worn)
 g - a +0 cloak (worn)
 D - a +0 helmet (worn)
 N - a +2 pair of gloves (worn)
Jewellery
 d - a ring of flight
 k - the ring of the Enchanting Gods (right hand) {Ice rCorr Dex+7}
   (You found it in a Gauntlet)

   [ring of ice]

   It enhances your ice magic.
   Dex:       It affects your dexterity (+7).
   rF:        It makes you vulnerable to fire.
   rC:        It protects you from cold.
   rCorr:     It protects you from acid and corrosion.
 t - the ring of Xusifapp (left hand) {Fire rElec rN+ Stlth+}
   (You took it off a gnoll sergeant in a bailey)

   [ring of fire]

   It enhances your fire magic.
   rF:        It protects you from fire.
   rC:        It makes you vulnerable to cold.
   rElec:     It insulates you from electricity.
   rN:        It protects you from negative energy.
   Stlth:     It makes you more stealthy.
 z - a +4 ring of protection
 G - a ring of protection from fire
 I - a ring of see invisible
Wands
 i - a wand of charming (18)
 j - a wand of flame (28)
 r - a wand of polymorph (13)
 A - a wand of roots (2)
Scrolls
 e - 2 scrolls of vulnerability
 h - 3 scrolls of immolation
 m - a scroll of amnesia
 n - 3 scrolls of butterflies
 p - a scroll of summoning
 x - 2 scrolls of silence
 H - a scroll of poison
 M - a scroll of magic mapping
Potions
 a - a potion of heal wounds {unknown}
 b - 3 potions of resistance
 l - 3 potions of curing
 o - a potion of lignification
 q - 3 potions of mutation
 s - a potion of magic
 u - a potion of invisibility
 w - 2 potions of flight
 B - 4 potions of attraction {unknown}
 L - 2 potions of brilliance {unknown}
Miscellaneous
 y - a lightning rod (4/4)


   Skills:
 + Level 5.4 Fighting
 + Level 7.0(7.1) Axes
 + Level 1.8(4.8) Maces & Flails
 + Level 0.3(1.2) Staves
 + Level 0.2 Throwing
 + Level 2.1 Armour
 + Level 5.8 Dodging
 + Level 4.6 Stealth
 + Level 4.0 Shields
 + Level 14.1 Spellcasting
 + Level 4.5 Conjurations
 + Level 0.2 Hexes
 + Level 0.2 Translocations
 + Level 12.7 Fire Magic


You had 3 spell levels left.
You knew the following spells:

 Your Spells              Type           Power      Damage    Failure   Level
a - Foxfire               Conj/Fire      100%       2x1d9     1%          1
b - Scorch                Fire           100%       2d10      0%          2
c - Conjure Flame         Conj/Fire      92%        6-21      1%          3
d - Inner Flame           Hex/Fire       83%        N/A       1%          3
e - Flame Wave            Conj/Fire      92%        2d19      1%          4
f - Confusing Touch       Hex            27%        N/A       4%          3
g - Summon Guardian Gole  Hex/Summ       26%        N/A       4%          3
h - Iskenderun's Mystic   Conj/Tloc      42%        2d10      6%          4
i - Hailstorm             Conj/Ice       58%        3d13      7%          4
j - Fulminant Prism       Conj/Hex       21%        3d13      6%          4
k - Ignite Poison         Fire/Tmut/Pois 71%        N/A       1%          3
l - Sticky Flame          Conj/Fire      92%        2d10      1%          4

Your spell library contained the following spells:

 Spells                   Type           Power      Damage    Failure   Level
 Magic Dart               Conj           100%       1d8       1%          1
 Slow                     Hex            100%       N/A       1%          1
 Summon Small Mammal      Summ           100%       N/A       1%          1
 Sublimation of Blood     Necr           25%        N/A       2%          2
 Wereblood                Tmut           25%        N/A       2%          2
 Call Canine Familiar     Summ           25%        N/A       4%          3
 Vampiric Draining        Necr           25%        2d7       5%          3
 Passage of Golubria      Tloc           27%        N/A       16%         4
 Ice Form                 Ice/Tmut       38%        N/A       17%         4
 Summon Ice Beast         Ice/Summ       38%        N/A       17%         4
 Silence                  Hex/Air        13%        N/A       41%         5
 Lee's Rapid Deconstruct  Erth           12%        3d10*     43%         5
 Simulacrum               Ice/Necr       19%        N/A       95%         6
 Summon Hydra             Summ           12%        N/A       100%        7
 Lehudib's Crystal Spear  Conj/Erth      20%        10d6      100%        8
 Summon Horrible Things   Summ           12%        N/A       100%        8


Dungeon Overview and Level Annotations

Branches:
Dungeon (12/15)            Temple (1/1) D:5            Lair (4/5) D:8
 Shoals (0/4) Lair:2       Spider (0/4) Lair:3          Orc (2/2) D:12
    Elf (0/3) Orc:2        Bailey (visited)         Gauntlet (1/1)
  Slime: Lair:4-5

Altars:
Ashenzari
Cheibriados
Dithmenos
Fedhas
Gozag
Hepliaklqana
Kikubaaqudgha
Makhleb
Nemelex Xobeh
Okawaru
Qazlal
Ru
Sif Muna
Trog
Uskayaw
Vehumet
Wu Jian
Xom
Yredelemnul

Shops:
D:3 :   D:4 ?

Annotations:
D:10 7 transporters, PhantomBowie's ghost, journeyman MiBe Gauntlet 5 transporters, 15 runed translucent doors


Innate Abilities, Weirdness & Mutations

You have hooves in place of feet.
You are completely covered in yellow scales. (AC +4, rCorr)
You sometimes gain power by taking damage.
Your magical and physical power is slightly enhanced at high health.
When hurt, damage is shared between your health and your magic reserves.
You regenerate magic rapidly.


Message History

You focus on the pain.
You feel your power returning.
You convulse!!
You focus on the pain.
You feel your power returning.
The minotaur gores you but does no damage.
Blink to where?
Press: ? - help, Dir - move target, p - minotaur
As you read the scroll of blinking, it crumbles to dust.
Casting: Fulminant Prism (dangerous; 6% risk of failure)
Confirm with . or Enter, or press ? or * to list all spells.
You miscast Summon Guardian Golem.
You are very lightly contaminated with residual magic.
Nothing appears to happen.
Casting: Summon Guardian Golem (mildly dangerous; 4% risk of failure)
Confirm with . or Enter, or press ? or * to list all spells.
A guardian golem appears, shielding your allies.
The minotaur throws a silver javelin.
The silver javelin pierces through your guardian golem.
The silver javelin pierces through you!!
* * * LOW HITPOINT WARNING * * *
The silver sears you!
* * * LOW HITPOINT WARNING * * *
Something hits your guardian golem!!! Something gores your guardian golem.
Your guardian golem is destroyed!
Your guardian golem disappears in a puff of smoke!
As you read the scroll of summoning, it crumbles to dust.
Wisps of shadow whirl around you...
A red film seems to cover your vision as you go berserk!
Cheibriados forces you to slow down.
You feel mighty! The minotaur closely misses you. x2
You bludgeon the minotaur!! You freeze the minotaur! You kick the minotaur!
The minotaur is moderately wounded.
Your iron imp completely misses the minotaur.
The minotaur completely misses you. The minotaur gores you!
* * * LOW HITPOINT WARNING * * *
Your iron imp barely misses the minotaur.
The minotaur furiously retaliates!
The minotaur headbutts your iron imp, but does no damage.
You closely miss the minotaur. You kick the minotaur.
The minotaur is heavily wounded.
The minotaur hits you with a +1 great sword of holy wrath!!!
You die...

#############
#....#......#
#.#########.#
##.#.......#.##
#..#.#####.#..#
#.##.# .⌠#.##.#
#.#y5# ∩.#..#.#
#.#@## .⌠##.#.#
#.#H###.###.#.#
#.#5.....(#...#
#.###########.#
#.............#
#########.#########
#≈...............≈#
#8.8.8.8.8.8.8.8.8#
#≈...............≈#


You could see a minotaur (strong, ally target), a friendly hornet (summoned), a
friendly iron imp (summoned) and a friendly white imp (summoned).

Vanquished Creatures
  A slime creature (D:12)
  Josephine (D:11)
  A great orb of eyes (Gauntlet)
  A boulder beetle (D:12)
  Harold (D:10)
  The ghost of Cheops the Basher, a journeyman MiFi of Yredelemnul (D:11)
  4 hydras
  4 two-headed ogres
  The ghost of tkbsonic5 the Fighter, a journeyman GrGl of Yredelemnul (D:12)
  Nergalle (D:11)
  A fire crab (Gauntlet)
  A glowing orange brain (Gauntlet)
  Pikel (D:4)
  4 ugly things
  3 manticores
  A black mamba (Lair:2)
  7 elephants (Lair:2)
  2 cane toads
  An unseen horror (D:8)
  A torpor snail (Lair:4)
  A rime drake (Lair:3)
  A freezing wraith (D:11)
  2 ice devils (Lair:1)
  Maggie (D:9)
  5 komodo dragons
  7 trolls
  A wind drake (Lair:2)
  Grinder (D:4)
  Prince Ribbit (D:9)
  5 dream sheep (Lair:4)
  9 blink frogs
  A jumping spider (Lair:3)
  A shadow (D:11)
  Sigmund (D:4)
  3 wraiths (D:11)
  A wyvern (D:9)
  A vampire (D:12)
  A basilisk (D:12)
  50 yaks
  8 fire bats
  3 steam dragons
  2 vampire mosquitoes (D:12)
  A warg (Orc:2)
  2 acid dragons
  A hell hound (D:12)
  22 water moccasins
  2 sky beasts (D:7)
  4 ice beasts
  9 orc warriors
  2 black bears
  5 ogres
  3 wolves (Bailey)
  2 lemures (D:4)
  10 centaurs
  A phantom (D:4)
  2 kobold brigands
  6 bullfrogs
  10 gnoll sergeants
  A scorpion (D:5)
  6 killer bees (D:8)
  4 electric eels (D:12)
  6 howler monkeys
  2 lava snakes (D:12)
  8 hounds
  11 gnoll boudas
  9 orc priests
  2 jellies
  6 iguanas
  9 orc wizards
  34 gnolls
  23 adders
  A shadow imp (D:6)
  4 white imps
  An ufetubus (D:5)
  3 worms
  A dart slug (D:1)
  34 orcs
  7 ball pythons
  5 bats (D:1)
  10 endoplasms
  3 giant cockroaches
  4 goblins
  4 hobgoblins
  16 kobolds
  5 quokkas
  3 frilled lizards
  7 rats
  A fire vortex (D:12)
  2 fulminant prisms (D:12)
458 creatures vanquished.

Vanquished Creatures (collateral kills)
  2 cane toads
  A yak (Lair:4)
  A basilisk (Lair:2)
  A black bear (Lair:4)
5 creatures vanquished.

Vanquished Creatures (others)
  A yak (Lair:1)
  An orc warrior (D:10)
  2 orc priests (D:12)
  An orc wizard (D:11)
  2 fire vortices (D:12)
  615 foxfires
  9 fulminant prisms
  36 fungi
  23 plants
690 creatures vanquished.

Grand Total: 1153 creatures vanquished

Notes
Turn   | Place    | Note
-------+----------+-------------------------------------------
     0 | D:1      | DemonSlayer the Demonspawn Fire Elementalist began the
                  | quest for the Orb.
     0 | D:1      | Reached XP level 1. HP: 13/13 MP: 3/3
   251 | D:1      | Gained mutation: You sometimes gain a little power by
                  | taking damage. [demonic ancestry]
   251 | D:1      | Reached XP level 2. HP: 19/19 MP: 1/5
   254 | D:1      | Learned a level 2 spell: Scorch
   307 | D:1      | Found a faded altar of an unknown god.
  1186 | D:1      | Gained mutation: You are partially covered in yellow
                  | scales. (AC +2) [demonic ancestry]
  1186 | D:1      | Reached XP level 3. HP: 22/24 MP: 0/6
  1435 | D:1      | Learned a level 3 spell: Conjure Flame
  2691 | D:2      | Reached XP level 4. HP: 31/31 MP: 1/8
  2970 | D:3      | Found Zatamuca's Book Shoppe.
  3138 | D:3      | Found a broken altar of Ashenzari.
  3176 | D:3      | Reached skill level 3 in Spellcasting
  4474 | D:4      | Found Ebeyts's Magic Scroll Emporium.
  4479 | D:4      | Noticed a black bear
  4488 | D:4      | Killed a black bear
  4489 | D:4      | Gained mutation: You are mostly covered in yellow scales.
                  | (AC +3) [demonic ancestry]
  4489 | D:4      | Reached XP level 5. HP: 36/36 MP: 1/10
  4561 | D:4      | Bought a scroll of teleportation for 36 gold pieces
  4561 | D:4      | Bought a scroll of blinking for 90 gold pieces
  4561 | D:4      | Bought a scroll of identify for 24 gold pieces
  4964 | D:4      | Noticed Sigmund
  4970 | D:4      | Killed Sigmund
  4971 | D:4      | Reached skill level 1 in Fighting
  4971 | D:4      | Reached skill level 4 in Spellcasting
  4971 | D:4      | Gained mutation: You have large cloven feet. [demonic
                  | ancestry]
  4971 | D:4      | Reached XP level 6. HP: 43/43 MP: 5/12
  5123 | D:4      | Noticed Grinder
  5134 | D:4      | Killed Grinder
  5135 | D:4      | Reached skill level 5 in Spellcasting
  5135 | D:4      | Reached skill level 5 in Fire Magic
  5135 | D:4      | Gained mutation: You sometimes gain power by taking damage.
                  | [demonic ancestry]
  5135 | D:4      | Reached XP level 7. HP: 27/48 MP: 7/14
  5495 | D:4      | Noticed Pikel
  5526 | D:4      | Found a snail-covered altar of Cheibriados.
  5533 | D:4      | Became a worshipper of Cheibriados the Contemplative
  5868 | D:4      | Killed Pikel
  5869 | D:4      | Reached skill level 6 in Spellcasting
  5869 | D:4      | Gained mutation: You regenerate magic rapidly. [demonic
                  | ancestry]
  5869 | D:4      | Reached XP level 8. HP: 54/54 MP: 9/17
  6214 | D:4      | Learned a level 3 spell: Inner Flame
  6219 | D:4      | Learned a level 4 spell: Flame Wave
  6223 | D:4      | Learned a level 3 spell: Confusing Touch
  6287 | D:5      | Entered Level 5 of the Dungeon
  6669 | D:5      | Found a staircase to the Ecumenical Temple.
  6741 | Temple   | Entered the Ecumenical Temple
  7391 | D:5      | Reached * piety under Cheibriados
  7770 | D:5      | Reached skill level 7 in Spellcasting
  8450 | D:4      | Bought a scroll of enchant weapon for 90 gold pieces
  8450 | D:4      | Bought a scroll of butterflies for 48 gold pieces
  9110 | D:6      | Gained mutation: You are completely covered in yellow
                  | scales. (AC +4, rCorr) [demonic ancestry]
  9110 | D:6      | Reached XP level 9. HP: 61/61 MP: 15/20
  9391 | D:6      | Reached ** piety under Cheibriados
  9669 | D:6      | Found a sparkling altar of Nemelex Xobeh.
 10244 | D:7      | Reached skill level 1 in Shields
 10244 | D:7      | Reached skill level 8 in Spellcasting
 10551 | D:7      | Noticed a white ugly thing
 10559 | D:7      | Found a flagged portal.
 10563 | Bailey   | Entered a bailey
 11774 | Bailey   | Reached *** piety under Cheibriados
 11912 | Bailey   | Reached skill level 9 in Spellcasting
 12088 | Bailey   | Identified the ring of Xusifapp {Fire rElec rN+ Stlth+}
 12232 | Bailey   | Identified the +1 ring mail "Huaf" {+Blink Str+5 Slay-5}
 12824 | Bailey   | Reached XP level 10. HP: 66/68 MP: 11/23
 13380 | D:7      | Reached **** piety under Cheibriados
 14030 | D:7      | Killed a white ugly thing
 15103 | D:7      | Reached skill level 10 in Spellcasting
 15683 | D:7      | Learned a level 3 spell: Summon Guardian Golem
 15722 | D:8      | Found a staircase to the Lair.
 16928 | Lair:1   | Entered Level 1 of the Lair of Beasts
 17020 | Lair:1   | Reached skill level 1 in Maces & Flails
 17029 | Lair:1   | Gained mutation: When hurt, damage is shared between your
                  | health and your magic reserves. [demonic ancestry]
 17029 | Lair:1   | Reached XP level 11. HP: 65/74 MP: 3/25
 17036 | Lair:1   | Reached ***** piety under Cheibriados
 17502 | Lair:1   | Reached skill level 11 in Spellcasting
 17696 | Lair:1   | Identified the +1 ring mail of the Hart {-Tele Will++
                  | Slay+3}
 17951 | Lair:1   | Learned a level 3 spell: Call Canine Familiar
 17952 | Lair:1   | Identified a scroll of acquirement
 17952 | Lair:1   | Acquired the +6 broad axe of Karma {freeze, Dex+2}
 18062 | Lair:2   | Learned a level 4 spell: Hailstorm
 18097 | Lair:2   | Reached skill level 1 in Axes
 18194 | Lair:2   | Reached skill level 10 in Fire Magic
 18729 | Lair:2   | Found a staircase to the Shoals.
 19590 | Lair:2   | Gained mutation: You have hoof-like feet. [demonic
                  | ancestry]
 19590 | Lair:2   | Reached XP level 12. HP: 48/83 MP: 14/27
 20086 | Lair:3   | Reached skill level 12 in Spellcasting
 20275 | Lair:3   | Noticed a five-headed hydra
 20281 | Lair:3   | Killed a five-headed hydra
 20478 | Lair:3   | Noticed a six-headed hydra
 20489 | Lair:3   | Killed a six-headed hydra
 20544 | Lair:3   | Reached ****** piety under Cheibriados
 20818 | Lair:3   | Found a hole to the Spider Nest.
 21150 | Lair:3   | Learned a level 6 spell: Simulacrum
 21340 | Lair:4   | Reached skill level 5 in Dodging
 21688 | Lair:4   | Reached skill level 13 in Spellcasting
 21806 | Lair:4   | Noticed a five-headed hydra
 22509 | D:9      | Noticed Maggie
 22518 | D:9      | Killed Maggie
 22519 | D:9      | Reached skill level 5 in Axes
 22553 | D:9      | Noticed Prince Ribbit
 22560 | D:9      | Killed Prince Ribbit
 22630 | D:9      | Gained mutation: You have hooves in place of feet. [demonic
                  | ancestry]
 22630 | D:9      | Reached XP level 13. HP: 75/90 MP: 13/30
 22911 | D:9      | Identified the +1 robe of Unetemus {Fly rElec rF+}
 22932 | D:9      | Got Sif Muna's Precepts of the Comitatus and Blows and
                  | Bruises
 23495 | D:9      | Learned a level 3 spell: Ignite Poison
 23501 | D:9      | Learned a level 4 spell: Fulminant Prism
 23506 | D:9      | Learned a level 4 spell: Sticky Flame
 23513 | D:10     | Entered Level 10 of the Dungeon
 23520 | D:10     | Found a transporter.
 23526 | D:10     | Found a transporter.
 23565 | D:10     | Found a transporter.
 23612 | D:10     | Found a transporter.
 23752 | D:10     | Found a transporter.
 23786 | D:10     | Found a transporter.
 23796 | D:10     | Found a transporter.
 23828 | D:10     | Found a transporter.
 23880 | D:10     | Noticed PhantomBowie's ghost (journeyman MiBe)
 23926 | D:10     | Noticed Harold
 23936 | D:10     | Killed Harold
 23983 | D:10     | Learned a level 4 spell: Iskenderun's Mystic Blast
 24411 | D:11     | Found a runed translucent door.
 24412 | D:11     | Noticed Cheops's ghost (journeyman MiFi)
 24432 | D:11     | Noticed Nergalle
 24465 | D:11     | Killed Nergalle
 24468 | D:11     | Reached skill level 1 in Armour
 24567 | D:11     | Noticed Josephine
 24589 | D:11     | Killed Josephine
 24593 | D:11     | Reached skill level 5 in Fighting
 25002 | D:11     | Killed Cheops's ghost
 25009 | D:11     | Identified the ring of Yshrumirch {Fire rElec rCorr Int-5
                  | SInv}
 25170 | D:12     | Found a staircase to the Orcish Mines.
 25350 | D:12     | Reached skill level 14 in Spellcasting
 25713 | D:12     | Found a runed translucent door.
 25713 | D:12     | Noticed tkbsonic5's ghost (journeyman GrGl)
 25908 | D:12     | Identified the +8 flail of Infinite Pain {distort, +Blink
                  | Fly}
 26403 | D:12     | Killed tkbsonic5's ghost
 26535 | Orc:1    | Entered Level 1 of the Orcish Mines
 26689 | Orc:2    | Entered Level 2 of the Orcish Mines
 26746 | Orc:2    | Found a gate leading to a gauntlet.
 26765 | Gauntlet | Entered a Gauntlet
 26765 | Gauntlet | Found a transporter.
 26765 | Gauntlet | Found a transporter.
 26769 | Gauntlet | Found a transporter.
 26769 | Gauntlet | Found a transporter.
 26780 | Gauntlet | Found a transporter.
 26841 | Gauntlet | Found a large runed translucent door.
 26849 | Gauntlet | Identified the +10 great mace of Uskayaw's Envy {freeze,
                  | rN+}
 26893 | Gauntlet | Found a transporter.
 26896 | Gauntlet | Found a large runed translucent door.
 26897 | Gauntlet | Found a large runed translucent door.
 26897 | Gauntlet | Found a large runed translucent door.
 26897 | Gauntlet | Found a runed translucent door.
 26897 | Gauntlet | Found a runed translucent door.
 26898 | Gauntlet | Found a large runed translucent door.
 26899 | Gauntlet | Found a large runed translucent door.
 26900 | Gauntlet | Found a large runed translucent door.
 26900 | Gauntlet | Found a large runed translucent door.
 26906 | Gauntlet | Found a transporter.
 26921 | Gauntlet | Identified the ring of the Enchanting Gods {Ice rCorr
                  | Dex+7}
 26926 | Gauntlet | Noticed a quicksilver ooze
 26935 | Gauntlet | Found a runed translucent gate.
 26936 | Gauntlet | Found a transporter.
 26936 | Gauntlet | Found a runed translucent gate.
 26937 | Gauntlet | Found a runed translucent gate.
 26938 | Gauntlet | Found a large runed translucent door.
 26938 | Gauntlet | Found a large runed translucent door.
 26939 | Gauntlet | Found a transporter.
 26947 | Gauntlet | Found a transporter.
 26955 | Gauntlet | Gained mutation: Your magical and physical power is
                  | slightly enhanced at high health. [demonic ancestry]
 26955 | Gauntlet | Reached XP level 14. HP: 38/98 MP: 32/32
 27354 | Gauntlet | Found a transporter.
 27554 | Gauntlet | Mangled by a minotaur

Illustrated notes

Levels and vault maps discovered:
D:1:      eino_arrival_tree_alley, layout_rooms, basic_ecumenical_altar,
          minmay_surrounded
D:2:      layout_loops_ring
D:3:      layout_loops_ring, mainiacjoe_overflow_catwalk,
          mainiacjoe_overflow_brackets, serial_shops, shop_statue,
          small_statue_intersection
D:4:      layout_layer_cave, cheibriados_altar_1, serial_shops, shop_scrolls,
          uniq_sigmund, uniq_grinder, uniq_pikel
D:5:      layout_loops_corners, minmay_temple_entry_junction
D:6:      layout_loops_ring, minitemple, kennysheep_potato
D:7:      layout_basic, enter_bailey_2, centaur_isle
D:8:      layout_gridville, dpeg_oklobed_lair
D:9:      layout_basic, uniq_maggie, uniq_prince_ribbit1
D:10:     layout_basic, nzn_ghost_randoct, serial_nicolae_subway,
          nicolae_sub_station_crystal, nicolae_sub_station_metal,
          nicolae_sub_station_stone, uniq_harold
D:11:     layout_rooms, ebering_ghost_inner_flame, uniq_josephine, uniq_nergalle
D:12:     layout_basic, orc_0_dummy, hellmonk_ghost_happy_afterlife,
          hangedman_incinerator
Temple:   sentei_temple_godly_chess
Lair:1:   layout_roguey, portal_ice_cave_demonic_guard, serial_bayou_pond_e
Lair:2:   layout_concentric_octagons, minmay_shoals_entry_beasts,
          grunt_megastairs_3
Lair:3:   lemuel_reptile_caves, layout_gridlike, spider_nest_entry_a,
          serial_bayou_pond_e
Lair:4:   layout_hall_layers, columned_hall_lemuel
Orc:1:    layout_caves, basic_altar
Orc:2:    st_orc_congregation, layout_diamond_mine, gauntlet_entry_generic,
          guppyfry_library_mini
Gauntlet: gammafunk_gauntlet_branching [gammafunk_gauntlet_arena_spirals,
          gammafunk_gauntlet_arena_split_diamond,
          minmay_gauntlet_arena_make_your_own_arena,
          gammafunk_gauntlet_arena_chambers, gammafunk_gauntlet_arena_corners,
          gammafunk_gauntlet_arena_teeth, nicolae_gauntlet_swirl,
          nicolae_gauntlet_arena_grate_2, dreamdust_gauntlet_exit_labyrinth]

Skill      XL: |  1  2  3  4  5  6  7  8  9 10 11 12 13 14 |
---------------+-------------------------------------------+-----
Dodging        | 2 3 4 5 |  5.8
Fire Magic     | 3 4 5 6 8 9 10 11 12 | 12.7
Spellcasting   | 3 4 5 6 7 9 10 11 13 14 | 14.1
Stealth        | 2 3 4 |  4.6
Fighting       | 1 2 3 4 5 |  5.4
Conjurations   | 2 4 |  4.5
Shields        | 1 2 3 4 |  4.0
Maces & Flails | 1 |  1.8
Axes           | 3 5 6 7 |  7.0
Armour         | 2 |  2.1
Staves         | |  0.3
Throwing       | |  0.2
Hexes          | |  0.2
Translocations | |  0.2

Action                   |  1- 3 |  4- 6 |  7- 9 | 10-12 | 13-15 || total
-------------------------+-------+-------+-------+-------+-------++-------
Melee: Unarmed           |    17 |       |       |       |       ||    17
       Dagger            |    25 |       |       |       |       ||    25
       Staff             |    11 |    12 |    16 |       |       ||    39
       Kick              |       |       |     8 |    58 |    57 ||   123
       Whip              |       |       |    14 |    45 |       ||    59
       Broad axe         |       |       |       |    91 |   156 ||   247
       Great mace        |       |       |       |       |    19 ||    19
Throw: Throwing net      |       |       |       |     3 |     6 ||     9
 Cast: Foxfire           |   110 |    30 |    70 |   120 |    34 ||   364
       Scorch            |     1 |    36 |   194 |   325 |   189 ||   745
       Flame Wave        |       |       |       |     3 |     1 ||     4
       Summon Guardian G |       |       |       |     1 |     4 ||     5
       Confusing Touch   |       |       |       |     1 |       ||     1
       Iskenderun's Myst |       |       |       |       |    10 ||    10
       Fulminant Prism   |       |       |       |       |    11 ||    11
       Conjure Flame     |       |       |       |       |     1 ||     1
Evoke: Wand              |       |       |       |       |     1 ||     1
  Use: Scroll            |       |     7 |    12 |    13 |    16 ||    48
       Potion            |       |     1 |     2 |    10 |     3 ||    16
 Stab: Sleeping          |       |       |       |     1 |     1 ||     2
Armor: Robe              |    12 |     9 |    67 |   119 |       ||   207
       Steam dragon scal |       |       |       |     4 |     5 ||     9
       Troll leather arm |       |       |       |       |    70 ||    70
Dodge: Dodged            |    51 |    17 |   125 |   320 |   265 ||   778
Block: Buckler           |       |     2 |    49 |   148 |   107 ||   306
